MLB
TORONTO BLUE JAYS @ DETROIT TIGERS
03/04/2024
 
TOP OF THE 1ST
Toronto Blue Jays batting - Pitching for Detroit Tigers : RHP Alex Reyes
Pitching: RHP Alex Reyes
Batting: LHB CJ Abrams 0-0: Foul Ball, location: 2F
0-1: SINGLE (Line Drive, 3D, EV 95.0 MPH)
Batting: RHB Luis Campusano 0-0: Ball
Wild Pitch!
CJ Abrams to second
1-0: Called Strike
1-1: Fly out, F9 (Flyball, 89D, EV 94.4 MPH)
Runner from 2nd tags up, SAFE at 3rd, no throw by RF
Batting: LHB Joeni Holt 0-0: Ball
1-0: Ground out 5-3 (Groundball, 56S, EV 76.9 MPH)
CJ Abrams scores
Batting: LHB Will Robertson 0-0: Ball
1-0: Ball
2-0: Ball
3-0: Base on Balls
Batting: LHB Brock Lundquist 0-0: Called Strike
0-1: Ball
1-1: Swinging Strike
1-2: Ball
2-2: Ball
3-2: Strikes out swinging
Top of the 1st over - 1 run, 1 hit, 0 errors, 1 left on base; Toronto 1 - Detroit 0
BOTTOM OF THE 1ST
Detroit Tigers batting - Pitching for Toronto Blue Jays : RHP Jacob Nix
Pitching: RHP Jacob Nix
Batting: LHB Akil Baddoo 0-0: Foul Ball, location: 2F
0-1: Called Strike
0-2: Fly out, F8 (Flyball, 8LS, EV 85.0 MPH)
Batting: LHB Parker Meadows 0-0: Swinging Strike
0-1: Ball
1-1: Ball
2-1: Foul Ball, location: 2F
2-2: Ball
3-2: SINGLE (Groundball, 5S, EV 77.5 MPH) (infield hit)
Batting: LHB Nate Lowe 0-0: SINGLE (Popup, 23, EV 87.5 MPH)
Parker Meadows to second
Batting: LHB Nomar Mazara 0-0: Ball
1-0: Grounds into double play, 4-6-3 (Groundball, 34, EV 99.4 MPH)
Bottom of the 1st over - 0 runs, 2 hits, 0 errors, 1 left on base; Toronto 1 - Detroit 0
TOP OF THE 2ND
Toronto Blue Jays batting - Pitching for Detroit Tigers : RHP Alex Reyes
Batting: RHB Manuel Beltre 0-0: Ball
1-0: Called Strike
1-1: Ball
2-1: Fly out, F7 (Flyball, 78D, EV 90.6 MPH)
Batting: RHB Willians Astudillo 0-0: Called Strike
0-1: Ball
1-1: Ground out 4-3 (Groundball, 4M, EV 85.6 MPH)
Batting: SHB Chavez Young 0-0: Foul Ball, location: 2F
0-1: Called Strike
0-2: Ball
1-2: Ground out U3 (Groundball, 3, EV 83.1 MPH)
Top of the 2nd over - 0 runs, 0 hits, 0 errors, 0 left on base; Toronto 1 - Detroit 0
BOTTOM OF THE 2ND
Detroit Tigers batting - Pitching for Toronto Blue Jays : RHP Jacob Nix
Batting: LHB Didi Gregorius 0-0: Called Strike
0-1: Ball
1-1: Fly out, F8 (Flyball, 8LM, EV 93.8 MPH)
Batting: LHB Daniel Cabrera 0-0: Called Strike
0-1: Fly out, F9 (Flyball, 9D, EV 95.6 MPH)
Batting: SHB Steve Douglass 0-0: Swinging Strike
0-1: Fly out, F7 (Flyball, 7S, EV 72.5 MPH)
Bottom of the 2nd over - 0 runs, 0 hits, 0 errors, 0 left on base; Toronto 1 - Detroit 0
TOP OF THE 3RD
Toronto Blue Jays batting - Pitching for Detroit Tigers : RHP Alex Reyes
Batting: RHB Josh Donaldson 0-0: Ball
1-0: Called Strike
1-1: Foul Ball, location: 2F
1-2: Strikes out swinging
Batting: LHB CJ Abrams 0-0: Ball
1-0: Foul Ball, location: 2F
1-1: Foul Ball, location: 2F
1-2: Fly out, F7 (Line Drive, 7, EV 105.6 MPH)
Batting: RHB Luis Campusano 0-0: Called Strike
0-1: Foul Ball, location: 2F
0-2: Strikes out looking
Top of the 3rd over - 0 runs, 0 hits, 0 errors, 0 left on base; Toronto 1 - Detroit 0
BOTTOM OF THE 3RD
Detroit Tigers batting - Pitching for Toronto Blue Jays : RHP Jacob Nix
Batting: LHB Cole Peterson 0-0: Ball
1-0: Called Strike
1-1: Bunt for hit to 5S - play at first, batter OUT! 5-3
Batting: RHB Cooper Johnson 0-0: Foul Ball, location: 2F
0-1: SINGLE (Groundball, 56S, EV 63.8 MPH) (infield hit)
Batting: LHB Akil Baddoo 0-0: SINGLE (Line Drive, 9LS, EV 100.0 MPH)
Cooper Johnson to second
Batting: LHB Parker Meadows 0-0: Ball
1-0: Called Strike
1-1: Swinging Strike
1-2: Fly out, F9 (Flyball, 9S, EV 93.1 MPH)
Batting: LHB Nate Lowe 0-0: Called Strike
0-1: Ball
1-1: Ball
2-1: 3-RUN HOME RUN (Flyball, 89XD, EV 107.5 MPH), Distance : 401 ft
Batting: LHB Nomar Mazara 0-0: Ball
1-0: Ball
2-0: Ball
3-0: Called Strike
3-1: Base on Balls
Batting: LHB Didi Gregorius 0-0: Ball
1-0: Called Strike
1-1: Fly out, F4 (Line Drive, 3, EV 73.1 MPH)
Bottom of the 3rd over - 3 runs, 3 hits, 0 errors, 1 left on base; Toronto 1 - Detroit 3
TOP OF THE 4TH
Toronto Blue Jays batting - Pitching for Detroit Tigers : RHP Alex Reyes
Batting: LHB Joeni Holt 0-0: Foul Ball, location: 2F
0-1: Foul Ball, location: 2F
0-2: Ball
1-2: Strikes out swinging
Batting: LHB Will Robertson 0-0: Ball
1-0: Ball
2-0: Called Strike
2-1: Foul Ball, location: 2F
2-2: Strikes out swinging
Batting: LHB Brock Lundquist 0-0: Called Strike
0-1: Ball
1-1: Swinging Strike
1-2: Strikes out looking
Top of the 4th over - 0 runs, 0 hits, 0 errors, 0 left on base; Toronto 1 - Detroit 3
BOTTOM OF THE 4TH
Detroit Tigers batting - Pitching for Toronto Blue Jays : RHP Jacob Nix
Batting: LHB Daniel Cabrera 0-0: Called Strike
0-1: Called Strike
0-2: Ball
1-2: Ground out 5-3 (Groundball, 56, EV 93.1 MPH)
Batting: SHB Steve Douglass 0-0: Called Strike
0-1: Ground out 4-3 (Groundball, 4, EV 104.4 MPH)
Batting: LHB Cole Peterson 0-0: Called Strike
0-1: Foul Ball, location: 2F
0-2: Ball
1-2: Foul Ball, location: 2F
1-2: Ball
2-2: Foul Ball, location: 2F
2-2: DOUBLE (Line Drive, 78M, EV 92.5 MPH)
Batting: RHB Cooper Johnson 0-0: Ball
1-0: Ball
2-0: SINGLE (Groundball, 56D, EV 105.6 MPH)
Cole Peterson to third
Runner from 3rd tries for Home, SAFE, throw by LF to home
Batting: LHB Akil Baddoo 0-0: Ball
1-0: Fielders Choice at 2nd, 5-4 (Groundball, 56, EV 83.8 MPH)
Bottom of the 4th over - 1 run, 2 hits, 0 errors, 1 left on base; Toronto 1 - Detroit 4
TOP OF THE 5TH
Toronto Blue Jays batting - Pitching for Detroit Tigers : RHP Alex Reyes
Pitching: LHP Gregory Soto
Batting: RHB Manuel Beltre 0-0: Ball
1-0: Ball
2-0: Ball
3-0: Base on Balls
Batting: RHB Willians Astudillo 0-0: Ball
1-0: Called Strike
1-1: Foul Ball, location: 2F
1-2: Foul Ball, location: 2F
1-2: Foul Ball, location: 2F
1-2: Foul Ball, location: 2F
1-2: Ball
2-2: Strikes out looking
Batting: SHB Chavez Young 0-0: Fly out, F4 (Flyball, 34D, EV 87.5 MPH)
Batting: RHB Josh Donaldson 0-0: Ground out 4-3 (Groundball, 34, EV 83.1 MPH)
Top of the 5th over - 0 runs, 0 hits, 0 errors, 1 left on base; Toronto 1 - Detroit 4
BOTTOM OF THE 5TH
Detroit Tigers batting - Pitching for Toronto Blue Jays : RHP Jacob Nix
Pitching: RHP Bradley Blalock
Batting: LHB Parker Meadows 0-0: Swinging Strike
0-1: SINGLE (Groundball, 34D, EV 93.8 MPH)
Batting: LHB Nate Lowe 0-0: Swinging Strike
0-1: Swinging Strike
0-2: Ball
1-2: Ball
2-2: Foul Ball, location: 2F
2-2: Strikes out swinging
Batting: LHB Nomar Mazara 0-0: Ball
1-0: Ball
2-0: Hit by Pitch
Parker Meadows to second
Batting: LHB Didi Gregorius 0-0: Ball
1-0: Called Strike
1-1: Fly out, F8 (Line Drive, 8RM, EV 89.4 MPH)
Batting: LHB Daniel Cabrera 0-0: SINGLE (Groundball, 56D, EV 101.2 MPH)
Parker Meadows to third
Nomar Mazara to second
Runner from 3rd tries for Home, SAFE, throw by LF to home
Batting: SHB Steve Douglass 0-0: Ball
1-0: DOUBLE (Line Drive, 8LXD, EV 111.9 MPH)
Nomar Mazara scores
Daniel Cabrera to third
Runner from 3rd tries for Home, SAFE, no throw by CF
Pitching: LHP Yoan Aybar
Batting: LHB Cole Peterson 0-0: Called Strike
0-1: Called Strike
0-2: Foul Ball, location: 2F
0-2: Ball
1-2: Ball
2-2: Foul Ball, location: 2F
2-2: Ground out 6-3 (Groundball, 6, EV 90.6 MPH)
Bottom of the 5th over - 3 runs, 3 hits, 0 errors, 1 left on base; Toronto 1 - Detroit 7
TOP OF THE 6TH
Toronto Blue Jays batting - Pitching for Detroit Tigers : LHP Gregory Soto
Batting: LHB CJ Abrams 0-0: SOLO HOME RUN (Flyball, 9D, EV 98.1 MPH), Distance : 348 ft
Batting: RHB Luis Campusano 0-0: Ball
1-0: Foul Ball, location: 2F
1-1: Ball
2-1: Foul Ball, location: 2F
2-2: SINGLE (Groundball, 56D, EV 95.6 MPH)
Batting: LHB Joeni Holt 0-0: Called Strike
0-1: Called Strike
0-2: Ball
1-2: Strikes out looking
Batting: LHB Will Robertson 0-0: Ball
1-0: Called Strike
1-1: Swinging Strike
1-2: Foul Ball, location: 2F
1-2: Ball
2-2: Strikes out looking
Pitching: RHP Adonis Medina
Batting: LHB Brock Lundquist 0-0: Ball
1-0: Fly out, F7 (Flyball, 78S, EV 79.4 MPH)
Top of the 6th over - 1 run, 2 hits, 0 errors, 1 left on base; Toronto 2 - Detroit 7
BOTTOM OF THE 6TH
Detroit Tigers batting - Pitching for Toronto Blue Jays : LHP Yoan Aybar
Batting: RHB Cooper Johnson 0-0: Foul Ball, location: 2F
0-1: Called Strike
0-2: Foul Ball, location: 2F
0-2: Strikes out swinging, 2-3 out at first.
Pinch Hitting: RHB Daz Cameron 0-0: Ball
1-0: Ball
2-0: Foul Ball, location: 2F
2-1: SINGLE (Groundball, 34D, EV 107.5 MPH)
Pinch Hitting: LHB Jose Sanchez 0-0: Swinging Strike
0-1: Ball
1-1: Foul Ball, location: 2F
1-2: Ball
2-2: Ball
3-2: Foul Ball, location: 2F
3-2: Fly out, F7 (Flyball, 7, EV 71.9 MPH)
Pinch Hitting: LHB Josh Lester 0-0: Called Strike
Daz Cameron is caught stealing 2nd base 2-6
Bottom of the 6th over - 0 runs, 1 hit, 0 errors, 0 left on base; Toronto 2 - Detroit 7
TOP OF THE 7TH
Toronto Blue Jays batting - Pitching for Detroit Tigers : RHP Adonis Medina
Now at 1B: Josh Lester
Now in LF: Daz Cameron
Now in CF: Jose Sanchez
Batting: RHB Manuel Beltre 0-0: Ball
1-0: Called Strike
1-1: Ball
2-1: Called Strike
2-2: Fly out, F9 (Flyball, 9LD, EV 105.6 MPH)
Batting: RHB Willians Astudillo 0-0: Foul Ball, location: 2F
0-1: Fly out, F8 (Line Drive, 8RD, EV 107.5 MPH)
Batting: SHB Chavez Young 0-0: Ball
1-0: Fly out, F8 (Flyball, 8RXD, EV 85.6 MPH)
Top of the 7th over - 0 runs, 0 hits, 0 errors, 0 left on base; Toronto 2 - Detroit 7
BOTTOM OF THE 7TH
Detroit Tigers batting - Pitching for Toronto Blue Jays : LHP Yoan Aybar
Batting: LHB Josh Lester 0-0: Called Strike
0-1: Ball
1-1: Fly out, F8 (Flyball, 8RM, EV 85.6 MPH)
Batting: RHB Ryan Kreidler 0-0: Swinging Strike
0-1: Foul Ball, location: 2F
0-2: Ball
1-2: Foul Ball, location: 2F
1-2: Strikes out swinging
Pitching: LHP Robbie Ray
Pinch Hitting: RHB Josh Belcher 0-0: Ball
1-0: Called Strike
1-1: Swinging Strike
1-2: Ball
2-2: Foul Ball, location: 2F
2-2: Foul Ball, location: 2F
2-2: Strikes out swinging
Bottom of the 7th over - 0 runs, 0 hits, 0 errors, 0 left on base; Toronto 2 - Detroit 7
TOP OF THE 8TH
Toronto Blue Jays batting - Pitching for Detroit Tigers : RHP Adonis Medina
Now at 3B: Josh Belcher
Batting: RHB Josh Donaldson 0-0: Foul Ball, location: 2F
0-1: Foul Ball, location: 2F
0-2: Hit by Pitch
Pinch Hitting: RHB Santiago Espinal 0-0: Called Strike
0-1: Called Strike
0-2: Ball
1-2: Strikes out looking
Batting: RHB Luis Campusano 0-0: Foul Ball, location: 2F
0-1: Foul Ball, location: 2F
0-2: Hit by Pitch
Josh Donaldson to second
Pinch Hitting: LHB Derek Fisher 0-0: Foul Ball, location: 2F
0-1: Fielders Choice at 2nd, 4-6 (Groundball, 4, EV 90.0 MPH)
Josh Donaldson to third
Pinch Hitting: RHB Wei-guo Qin 0-0: Called Strike
0-1: Swinging Strike
0-2: Strikes out swinging
Top of the 8th over - 0 runs, 0 hits, 0 errors, 2 left on base; Toronto 2 - Detroit 7
BOTTOM OF THE 8TH
Detroit Tigers batting - Pitching for Toronto Blue Jays : LHP Robbie Ray
Now at 1B: Wei-guo Qin
Now at 2B: Santiago Espinal
Now in LF: Derek Fisher
Now in CF: Chavez Young
Pinch Hitting: RHB Monte Harrison 0-0: Foul Ball, location: 2F
0-1: Foul Ball, location: 2F
0-2: Strikes out looking
Pinch Hitting: LHB Isan Diaz 0-0: Ball
1-0: Ball
2-0: Ball
3-0: Called Strike
3-1: Foul Ball, location: 2F
3-2: Strikes out swinging
Pinch Hitting: SHB Willi Castro 0-0: Called Strike
0-1: Foul Ball, location: 2F
0-2: Strikes out swinging
Bottom of the 8th over - 0 runs, 0 hits, 0 errors, 0 left on base; Toronto 2 - Detroit 7
TOP OF THE 9TH
Toronto Blue Jays batting - Pitching for Detroit Tigers : RHP Adonis Medina
Now at 2B: Chris Fannan
Now at SS: Willi Castro
Now in RF: Monte Harrison
Pinch Hitting: RHB Ken Schafer 0-0: Called Strike
0-1: Ball
1-1: Foul Ball, location: 2F
1-2: Fly out, F7 (Flyball, 78M, EV 95.6 MPH)
Pinch Hitting: RHB Adan Cartwright 0-0: Ball
1-0: Foul Ball, location: 2F
1-1: Swinging Strike
1-2: Foul Ball, location: 2F
1-2: Foul Ball, location: 2F
1-2: Fly out, F9 (Flyball, 89M, EV 75.6 MPH)
Pitching: RHP Matt Manning
Batting: RHB Danny Jansen 0-0: Called Strike
0-1: Ball
1-1: Ball
2-1: Ball
3-1: SINGLE (Groundball, 5S, EV 73.1 MPH) (infield hit)
Pinch Hitting: LHB Trent Grisham 0-0: Foul Ball, location: 2F
0-1: Fly out, F8 (Flyball, 78XD, EV 96.9 MPH)
Top of the 9th over - 0 runs, 1 hit, 0 errors, 1 left on base; Toronto 2 - Detroit 7
Saturday, June 11th , 2022 - OOTP Baseball 22.12 Build 89